 Dungeon Crawl Stone Soup version 0.20-a0-494-gf50ee04 (webtiles) character file.

87602 HereIgoKillingAgain the Unseen (level 15, -10/75 HPs)
             Began as a Spriggan Assassin on Dec 21, 2016.
             Was the Champion of Dithmenos.
             Killed from afar by an orc sorcerer (19 damage)
             ... with a bolt of negative energy
             ... led by an orc knight
             ... while paralysed by an orc sorcerer
             ... on level 15 of the Dungeon on Jan 17, 2017.
             The game lasted 01:41:01 (40838 turns).

HereIgoKillingAgain the Unseen (Spriggan Assassin) Turns: 40838, Time: 01:41:02

Health: -10/75     AC: 15    Str: 11    XL:     15   Next: 44%
Magic:  29/29      EV:  4    Int: 18    God:    Dithmenos [******]
Gold:   49         SH:  0    Dex: 15    Spells: 23/33 levels left

rFire    + + .     SeeInvis +   a - +3 dagger (protect)
rCold    + + +     Gourm    .   c - +2 robe "Dynux" {rPois rF+ Stlth+}
rNeg     . . .     Faith    .   (shield restricted)
rPois    +         Spirit   .   (helmet restricted)
rElec    +         Reflect  .   I - +1 cloak {rPois}
rCorr    .         Harm     .   (gloves unavailable)
MR       ++...                  (boots unavailable)
Stlth    ++++++++++             C - amulet of Lynasun {Inacc rElec rC+++ Int+4 Dex-4}
Regen    0.3/turn               P - ring of protection from fire
                                n - +5 ring of evasion

@: paralysed, protection aura, wreathed by umbra, repel missiles, drained, very
quick
A: unfitting armour, antennae 1, talons 2, thin metallic scales 1, see
invisible, herbivore 3, speed 3, slow metabolism 2
a: Shadow Step, Shadow Form, Renounce Religion


You were on level 15 of the Dungeon.
You worshipped Dithmenos.
Dithmenos was exalted by your worship.
You were near starving.

You visited 3 branches of the dungeon, and saw 23 of its levels.
You also visited: Sewer and Bailey.

You collected 2081 gold pieces.
You spent 2032 gold pieces at shops.

Inventory:

Hand Weapons
 a - a +3 dagger of protection (weapon)
 b - a +0 blowgun
 X - the +6 fustibalus of Neubuisi {venom, rN+ Int+5}
   (You found it on level 6 of the Lair of Beasts)

   It poisons the ammo it fires.
   It affects your intelligence (+5).
   It protects you from negative energy.
Missiles
 e - 13 poisoned needles
Armour
 c - the +2 robe "Dynux" (worn) {rPois rF+ Stlth+}
   (You bought it in a shop on level 2 of the Orcish Mines)

   It protects you from fire.
   It protects you from poison.
   It makes you more stealthy.
 m - the +1 pair of boots of Recklessness {rElec rC- SInv}
   (You found it on level 15 of the Dungeon)

   It makes you vulnerable to cold.
   It insulates you from electricity.
   It lets you see invisible.
 I - a +1 cloak of poison resistance (worn)
Jewellery
 n - a +5 ring of evasion (left hand)
 y - an uncursed ring of resist corrosion
 C - the amulet of Lynasun (around neck) {Inacc rElec rC+++ Int+4 Dex-4}
   (You found it on level 7 of the Dungeon)

   [amulet of inaccuracy]

   It reduces the accuracy of all your attacks.
   It affects your intelligence (+4).
   It affects your dexterity (-4).
   It renders you almost immune to cold.
   It insulates you from electricity.
 P - a ring of protection from fire (right hand)
Wands
 u - a wand of iceblast (0/15)
 G - a wand of digging (1/24)
 H - a wand of paralysis (0/24)
 M - a wand of enslavement (7/24)
 U - a wand of removedness (23/24)
Scrolls
 l - 3 scrolls of fear
 q - 6 scrolls of amnesia
 t - 2 scrolls of teleportation
 D - 7 scrolls of remove curse
 E - 4 scrolls of magic mapping
 J - 7 scrolls of enchant armour
 N - 2 scrolls of enchant weapon
 Z - a scroll of identify
Potions
 h - 6 potions of flight
 j - 6 potions of curing
 k - a potion of brilliance
 o - a potion of ambrosia
 p - 2 potions of cure mutation
 r - 3 potions of resistance
 w - 4 potions of magic
 x - 2 potions of haste
 Y - a potion of agility
Books
 d - a book of Minor Magic

   Spells                             Type                      Level
   a - Magic Dart                     Conjuration                  1
   b - Blink                          Translocation                2
   c - Call Imp                       Summoning                    2
   d - Repel Missiles                 Charms/Air                   2
   e - Slow                           Hexes                        2
   f - Conjure Flame                  Conjuration/Fire             3
   g - Mephitic Cloud                 Conjuration/Poison/Air       3
 v - a book of Callings

   Spells                             Type                      Level
   a - Summon Small Mammal            Summoning                    1
   b - Call Imp                       Summoning                    2
   c - Call Canine Familiar           Summoning                    3
   d - Summon Guardian Golem          Hexes/Summoning              3
   e - Summon Lightning Spire         Summoning/Air                4
   f - Summon Ice Beast               Ice/Summoning                4
 O - a book of Enchantments

   Spells                             Type                      Level
   a - Cause Fear                     Hexes                        4
   b - Yara's Violent Unravelling     Hexes/Transmutation          5
   c - Silence                        Hexes/Air                    5
   d - Deflect Missiles               Charms/Air                   6
   e - Discord                        Hexes                        8
 Q - a book of Power

   Spells                             Type                      Level
   a - Fulminant Prism                Conjuration/Hexes            4
   b - Iskenderun's Mystic Blast      Conjuration                  4
   c - Venom Bolt                     Conjuration/Poison           5
   d - Bolt of Magma                  Conjuration/Fire/Earth       5
   e - Iron Shot                      Conjuration/Earth            6
   f - Orb of Destruction             Conjuration                  7
   g - Spellforged Servitor           Conjuration/Summoning        7
Miscellaneous
 f - a phial of floods (inert)
 s - a lightning rod (inert)
Comestibles
 g - 6 bread rations
 i - 4 slices of pizza
 A - 37 fruits
 F - a royal jelly


   Skills:
 + Level 7.4(6.8) Fighting
 - Level 10.0(9.3) Short Blades
 - Level 9.5(8.9) Throwing
 + Level 13.9(13.2) Dodging
 + Level 17.4(16.6) Stealth
 * Level 9.6(9.0) Spellcasting
 + Level 8.8(8.2) Hexes
 * Level 11.1(10.4) Charms
 * Level 5.5(5.0) Air Magic
 + Level 13.6(12.9) Evocations


You had 23 spell levels left.
You knew the following spells:

 Your Spells              Type           Power        Failure   Level  Hunger
a - Repel Missiles        Chrm/Air       #####.       1%          2    None
b - Deflect Missiles      Chrm/Air       #####.....   58%         6    ######.
c - Slow                  Hex            #####...     1%          2    None


Dungeon Overview and Level Annotations

Branches:
Dungeon (15/15)            Temple (0/1) D:6            Lair (6/6) D:9
  Swamp (0/4) Lair:3        Snake (0/4) Lair:2        Slime (0/5) Lair:6
    Orc (2/2) D:10            Elf (0/3) Orc:2        Vaults (0/5) D:14
 Depths (0/5) D:15

Altars:
Ashenzari
Dithmenos
Elyvilon
Gozag
Kikubaaqudgha
Makhleb
Qazlal
Sif Muna
Uskayaw
Xom
Yredelemnul
Zin
Beogh

Shops:
D:8 }}   Orc:2 }(**

Portals:
Trove: D:14 (give 5 potions of resistance)

Annotations:
D:6 Junicave's ghost, novice GrEE
D:8 Psyche
Lair:6 RumaTero's ghost, journeyman DsFi


Innate Abilities, Weirdness & Mutations

You are very small and have problems with some larger weapons.
You are too small for most types of armour.
You have supernaturally acute eyesight. (SInv)
You are a herbivore.
You cover ground extremely quickly.
You need consume almost no food.
You have a pair of small antennae on your head.
You have razor-sharp toenails.
You are partially covered in thin metallic scales. (AC +2)


Message History

The orc hits you but does no damage. The orc hits you with a hand axe.
The orc warrior barely misses you. The orc hits you but does no damage.
The orc sorcerer hits you but does no damage.
The orc priest hits you but does no damage.
The warg bites you but does no damage. The orc hits you but does no damage.
The orc knight hits you from afar with a halberd of freezing!
The orc barely misses you. The orc completely misses you.
The orc sorcerer completely misses you. The warg bites you.
The orc warrior hits you with a battleaxe.
The orc priest hits you but does no damage.
The orc hits you but does no damage.
The orc knight hits you from afar with a halberd of freezing!!
* * * LOW HITPOINT WARNING * * *
You emit a cloud of dark smoke.
The warg bites you.
* * * LOW HITPOINT WARNING * * *
The orc hits you but does no damage. The orc barely misses you.
The orc sorcerer gestures at you while chanting.
Helpless, you fail to dodge the bolt of negative energy.
You feel drained.
You die...

#..........+.##.≈...≈.#.#
#..........####.≈...≈.#.#
############ #.#####.#.#
########### #.#...#.#..
#.........# #.#.>.#.#.#
#.........# #)'...'(#.#
#.....o...# #########.#
#.....ooo§#############.#
#......h@§...............
##......ooo...............
#.........##..........##..
#.........####......######
#........... ###..####..##
##..##....... #####......
#..##....... #........
#..##...... #........ #..#
....## #....##..


You could see an orc knight, a warg, an orc sorcerer, an orc warrior, an orc
priest and 3 orcs.

Vanquished Creatures
  Rupert (Lair:5)
  Kirke (D:12)
  An orc warlord (Orc:1)
  Nessos (Lair:5)
  The ghost of vogonpoet the Grappler, a journeyman TrWr of Ru (D:11)
  A yaktaur captain (D:15)
  7 hydras
  A catoblepas (Lair:5)
  2 centaur warriors (D:15)
  8 two-headed ogres
  2 death yaks (Lair:5)
  A tengu warrior (D:13)
  Urug (Lair:2)
  2 orc high priests (Orc:1)
  An unseen horror (D:15)
  A wolf spider zombie (D:14)
  Pikel (D:8)
  5 orc knights
  2 orc sorcerers (Orc:1)
  4 deep elf magi
  4 manticores
  3 ugly things
  18 elephants
  5 cyclopes
  3 black mambas
  Maurice (D:8)
  29 spiny frogs
  2 torpor snails
  3 rime drakes
  A kobold demonologist (D:14)
  7 komodo dragons
  6 trolls
  2 polar bears
  A wind drake (shapeshifter) (D:13)
  3 tyrant leeches (Lair:6)
  14 blink frogs
  3 hippogriffs
  12 slime creatures
  Sigmund (D:5)
  A shadow (D:12)
  A spriggan (D:8)
  A hog (D:12)
  18 yaks
  A wyvern (Lair:2)
  3 hungry ghosts
  3 basilisks
  Eustachio (D:5)
  Grum (D:8)
  5 vampire mosquitoes
  A swamp worm (Lair:3)
  2 nagas (Lair:2)
  2 wargs
  A soldier ant (D:15)
  13 water moccasins
  An acid dragon (D:12)
  6 porcupines
  50 orc warriors
  6 sky beasts
  4 ice beasts
  2 black bears
  A necrophage (D:9)
  3 wolves (D:8)
  A phantom (D:8)
  10 ogres
  10 centaurs
  9 crocodiles
  An eye of draining (D:12)
  8 big kobolds
  27 bullfrogs
  Blork the orc (D:5)
  A wyvern zombie (D:11)
  5 scorpions
  2 wyvern skeletons
  16 killer bees
  7 electric eels
  3 howler monkeys (D:10)
  14 wights
  7 crimson imps
  5 centaur zombies
  A bullfrog zombie (D:11)
  Crazy Yiuf (D:4)
  A bullfrog skeleton (D:12)
  9 hounds
  3 centaur skeletons
  A quasit (D:11)
  19 orc priests
  15 jellies
  26 orc wizards
  Jessica (D:3)
  3 iguanas
  9 worker ants
  Ijyb (D:2)
  A hell rat (Lair:5)
  A hound zombie (D:7)
  A hound skeleton (D:5)
  2 howler monkey zombies
  A howler monkey skeleton (D:9)
  A gnoll (D:1)
  7 adders
  5 river rats
  4 shadow imps
  18 oozes
  An adder zombie (D:5)
  3 adder skeletons
  11 worms
  2 dart slugs (D:1)
  5 leopard geckos
  71 orcs
  12 bats
  5 giant cockroaches
  2 gnoll zombies (D:9)
  5 goblins
  7 hobgoblins
  20 jackals
  5 quokkas
  5 ball pythons
  A frilled lizard (D:1)
  A jackal zombie (D:8)
  12 kobolds
  2 leopard gecko zombies
  15 rats
  3 fungi
  A plant (Lair:5)
736 creatures vanquished.

Vanquished Creatures (collateral kills)
  5 death yaks (Lair:5)
  A black mamba (Lair:5)
  3 spiny frogs (Lair:5)
  An efreet (D:14)
  A blink frog (Lair:6)
  A yak (Lair:5)
  A vampire mosquito (Lair:5)
  A water moccasin (Lair:6)
  A bullfrog (Lair:6)
  A butterfly (Lair:5)
16 creatures vanquished.

Vanquished Creatures (others)
  A blink frog (Lair:6)
  A slave (D:10)
  A wolf (D:8)
  28 fungi
  77 plants
108 creatures vanquished.

Grand Total: 860 creatures vanquished

Notes
Turn   | Place    | Note
-------+----------+-------------------------------------------
     0 | D:1      | HereIgoKillingAgain the Spriggan Assassin began the quest for the Orb.
     0 | D:1      | Reached XP level 1. HP: 10/10 MP: 2/2
    87 | D:1      | Reached skill level 6 in Stealth
   168 | D:1      | Reached XP level 2. HP: 14/14 MP: 3/3
   586 | D:1      | Reached skill level 7 in Stealth
   592 | D:1      | Reached XP level 3. HP: 13/18 MP: 4/4
  1410 | D:2      | Reached XP level 4. HP: 22/22 MP: 5/5
  1428 | D:2      | Noticed Ijyb
  1449 | D:2      | Killed Ijyb
  1449 | D:2      | Reached skill level 8 in Stealth
  2218 | D:3      | Noticed Jessica
  2224 | D:3      | Killed Jessica
  2224 | D:3      | Reached XP level 5. HP: 25/25 MP: 6/6
  2437 | D:3      | Found a white marble altar of Elyvilon.
  2437 | D:3      | Found a shadowy altar of Dithmenos.
  2624 | D:3      | Became a worshipper of Dithmenos the Shadowed
  2736 | D:3      | Found a deep blue altar of Sif Muna.
  3008 | D:4      | Noticed an ogre
  3014 | D:4      | Killed an ogre
  3014 | D:4      | Reached skill level 9 in Stealth
  3098 | D:4      | Found a hide-covered altar of Uskayaw.
  3161 | D:4      | Found a glowing drain.
  3166 | Sewer    | Entered a sewer
  3505 | Sewer    | Reached XP level 6. HP: 29/30 MP: 7/7
  3794 | Sewer    | Reached skill level 5 in Dodging
  3976 | Sewer    | Reached XP level 7. HP: 31/33 MP: 8/8
  4363 | Sewer    | Reached * piety under Dithmenos
  4608 | D:4      | Reached skill level 5 in Short Blades
  5015 | D:4      | Found a runed door.
  5019 | D:4      | Noticed Crazy Yiuf
  5104 | D:4      | Killed Crazy Yiuf
  5255 | D:5      | Entered Level 5 of the Dungeon
  5332 | D:5      | Reached XP level 8. HP: 33/37 MP: 9/9
  5437 | D:5      | Found an opulent altar of Gozag.
  5493 | D:5      | Noticed Sigmund
  5546 | D:5      | Noticed Blork the orc
  5569 | D:5      | Killed Blork the orc
  5569 | D:5      | Reached skill level 1 in Evocations
  5615 | D:5      | Gained mutation: You have sharp toenails. [potion of mutation]
  5615 | D:5      | Gained mutation: You are partially covered in thin metallic scales. (AC +2) [potion of mutation]
  5615 | D:5      | Gained mutation: You have a pair of small antennae on your head. [potion of mutation]
  5699 | D:5      | Found a stormy altar of Qazlal.
  5757 | D:5      | Noticed Eustachio
  5774 | D:5      | Killed Eustachio
  5854 | D:5      | Killed Sigmund
  5854 | D:5      | Reached skill level 5 in Evocations
  5997 | D:6      | Noticed Junicave's ghost (novice GrEE)
  6283 | D:6      | Reached ** piety under Dithmenos
  6287 | D:6      | Reached XP level 9. HP: 41/41 MP: 13/15
  6385 | D:6      | Found a burning altar of Makhleb.
  6414 | D:6      | Found a staircase to the Ecumenical Temple.
  7215 | D:6      | Found an ancient bone altar of Kikubaaqudgha.
  7754 | D:7      | Noticed a cyclops
  8335 | D:7      | Got a fine sapphire amulet
  8428 | D:7      | Identified the amulet of Lynasun {Inacc rElec rC+++ Int+4 Dex-4} (You found it on level 7 of the Dungeon)
  8880 | D:8      | Noticed a two-headed ogre
  8881 | D:8      | Killed a two-headed ogre
  8881 | D:8      | Reached skill level 5 in Throwing
  8899 | D:8      | Noticed Psyche
  8961 | D:8      | Found a shattered altar of Ashenzari.
  9053 | D:8      | Found a flagged portal.
  9067 | Bailey   | Entered a bailey
  9073 | Bailey   | Noticed a deep elf mage
  9077 | Bailey   | Killed a deep elf mage
  9077 | Bailey   | Reached XP level 10. HP: 46/46 MP: 17/17
  9086 | Bailey   | Noticed a deep elf mage
  9087 | Bailey   | Noticed a deep elf mage
  9087 | Bailey   | Noticed a deep elf mage
  9088 | Bailey   | Noticed a deep elf mage
  9089 | Bailey   | Killed a deep elf mage
  9091 | Bailey   | Noticed a deep elf mage
  9104 | Bailey   | Killed a deep elf mage
  9164 | D:8      | Found Loprod's Gadget Emporium.
  9252 | D:8      | Bought a wand of paralysis (12/24) for 210 gold pieces
  9335 | D:8      | Noticed Maurice
  9342 | D:8      | Killed Maurice
  9405 | D:8      | Noticed a two-headed ogre
  9411 | D:8      | Killed a two-headed ogre
  9481 | D:8      | Reached *** piety under Dithmenos
  9481 | D:8      | Reached skill level 10 in Stealth
  9529 | D:8      | Noticed Grum
  9605 | D:8      | Killed Grum
  9778 | D:8      | Found Tiobyas's Gadget Shop.
  9990 | D:8      | Noticed Pikel
 10017 | D:8      | Killed Pikel
 10243 | D:8      | Reached XP level 11. HP: 35/51 MP: 19/19
 10343 | D:8      | Bought a wand of paralysis (12/24) for 210 gold pieces
 10495 | D:9      | Reached skill level 11 in Stealth
 10671 | D:9      | Found a staircase to the Lair.
 10757 | D:9      | Found a basalt altar of Yredelemnul.
 10840 | D:9      | Reached **** piety under Dithmenos
 11458 | D:9      | Reached skill level 10 in Short Blades
 11644 | D:10     | Entered Level 10 of the Dungeon
 11766 | D:10     | Noticed a two-headed ogre
 11785 | D:10     | Killed a two-headed ogre
 11797 | D:10     | Found a staircase to the Orcish Mines.
 11823 | D:10     | Reached skill level 12 in Stealth
 12224 | D:10     | Found a shimmering altar of Xom.
 12268 | D:10     | Reached skill level 10 in Evocations
 12710 | D:10     | Noticed a two-headed ogre
 12711 | D:10     | Noticed a two-headed ogre
 12717 | D:10     | Killed a two-headed ogre
 12719 | D:10     | Killed a two-headed ogre
 12719 | D:10     | Reached skill level 13 in Stealth
 12860 | D:10     | Reached ***** piety under Dithmenos
 12963 | Orc:1    | Entered Level 1 of the Orcish Mines
 13267 | D:8      | Bought a wand of paralysis (10/24) for 180 gold pieces
 13614 | D:11     | Noticed vogonpoet's ghost (journeyman TrWr)
 13620 | D:11     | Noticed a four-headed hydra
 13622 | D:11     | Killed vogonpoet's ghost
 13622 | D:11     | Reached skill level 10 in Dodging
 13628 | D:11     | Killed a four-headed hydra
 13628 | D:11     | Reached skill level 14 in Stealth
 13820 | D:11     | Reached XP level 12. HP: 56/58 MP: 21/21
 13836 | D:10     | Learned a level 2 spell: Repel Missiles
 13843 | D:10     | Learned a level 6 spell: Deflect Missiles
 13846 | D:10     | Learned a level 2 spell: Slow
 14560 | D:8      | Bought a wand of paralysis (10/24) for 180 gold pieces
 14950 | D:12     | Noticed Kirke
 15646 | D:12     | Reached skill level 15 in Stealth
 15662 | D:12     | Gained mutation: You have razor-sharp toenails. [potion of beneficial mutation]
 15907 | Lair:1   | Entered Level 1 of the Lair of Beasts
 16064 | Lair:1   | Noticed a six-headed hydra
 16071 | Lair:1   | Killed a six-headed hydra
 16071 | Lair:1   | Reached skill level 5 in Fighting
 16079 | Lair:1   | Found a shimmering altar of Xom.
 16787 | Lair:2   | Found a glowing silver altar of Zin.
 16927 | Lair:2   | Found a staircase to the Snake Pit.
 17200 | Lair:2   | Noticed Urug
 17207 | Lair:2   | Killed Urug
 17626 | Lair:3   | Reached skill level 16 in Stealth
 17685 | Lair:3   | Reached skill level 1 in Spellcasting
 17685 | Lair:3   | Reached skill level 1 in Hexes
 17818 | Lair:3   | Reached skill level 1 in Charms
 17916 | Lair:3   | Reached skill level 1 in Air Magic
 18041 | Lair:3   | Found a staircase to the Swamp.
 18730 | Lair:4   | Noticed a seven-headed hydra
 18740 | Lair:4   | Killed a seven-headed hydra
 18772 | Lair:4   | Reached XP level 13. HP: 65/65 MP: 22/22
 19672 | Lair:5   | Noticed Nessos
 19675 | Lair:5   | Killed Nessos
 19684 | Lair:5   | Noticed Rupert
 19756 | Lair:6   | Entered Level 6 of the Lair of Beasts
 19865 | Lair:5   | Reached skill level 5 in Charms
 20505 | Lair:5   | Paralysed by Rupert for 3 turns
 20884 | D:8      | Bought a sack of spiders for 300 gold pieces
 20884 | D:8      | Bought a wand of iceblast (9/15) for 195 gold pieces
 21324 | Lair:5   | Reached skill level 5 in Spellcasting
 21356 | Lair:5   | Killed Rupert
 22398 | Lair:5   | Reached skill level 5 in Hexes
 23016 | Lair:6   | Noticed RumaTero's ghost (journeyman DsFi)
 24835 | Lair:5   | Reached XP level 14. HP: 70/70 MP: 25/25
 25126 | Lair:6   | Reached ****** piety under Dithmenos
 25918 | Lair:6   | Found a staircase to the Slime Pits.
 27538 | Lair:6   | Got a brightly glowing fustibalus
 28240 | Lair:6   | Identified the +6 fustibalus of Neubuisi {venom, rN+ Int+5} (You found it on level 6 of the Lair of Beasts)
 29541 | D:13     | Reached skill level 17 in Stealth
 30546 | D:12     | Killed Kirke
 30913 | Orc:2    | Entered Level 2 of the Orcish Mines
 31596 | Orc:1    | Noticed an orc warlord
 32106 | Orc:1    | Killed an orc warlord
 32106 | Orc:1    | Reached skill level 10 in Charms
 32381 | Orc:1    | Found a roughly hewn altar of Beogh.
 34265 | Orc:1    | Paralysed by an orc sorcerer for 4 turns
 34272 | Orc:1    | Reached XP level 15. HP: 68/75 MP: 29/29
 36573 | Orc:2    | Found a staircase to the Elven Halls.
 37190 | Orc:2    | Found Kafuxiol's Assorted Antiques.
 37190 | Orc:2    | Found Ymis's Weapon Shop.
 37192 | Orc:2    | Found Nagukaw's Gadget Boutique.
 37194 | Orc:2    | Found Firagad's Assorted Antiques.
 37210 | Orc:2    | Bought a shadowed robe for 205 gold pieces
 37210 | Orc:2    | Bought a scroll of identify for 72 gold pieces
 37218 | Orc:2    | Identified the +2 robe "Dynux" {rPois rF+ Stlth+} (You bought it in a shop on level 2 of the Orcish Mines)
 37376 | Orc:2    | Bought a phial of floods for 480 gold pieces
 37850 | D:14     | Found a portal to a secret trove of treasure.
 38364 | D:15     | Entered Level 15 of the Dungeon
 39281 | D:14     | Found a gate to the Vaults.
 39444 | D:15     | Reached skill level 5 in Air Magic
 39451 | D:15     | Got a pair of faintly humming boots
 39542 | D:15     | Identified the +1 pair of boots of Recklessness {rElec rC- SInv} (You found it on level 15 of the Dungeon)
 40263 | D:14     | Upgraded the game from 0.20-a0-317-gc038824 to 0.20-a0-494-gf50ee04
 40754 | D:15     | Found a staircase to the Depths.
 40835 | D:15     | Paralysed by an orc sorcerer for 4 turns
 40838 | D:15     | Killed from afar by an orc sorcerer

Vault maps used:
D:1:      elethiomel_arrival_fortress_basement
D:2:      first_bread, minmay_small_reverse_x, uniq_iyjb
D:3:      chequers_temple_overflow_statue_of_worship, led_sif_pool, uniq_jessica
D:4:      kennysheep_mini_moat, portal_sewer_entry_e, uniq_crazy_yiuf_cottage
D:5:      kennysheep_mini, grunt_gozag_statues, hex_tiny, uniq_eustachio,
          uniq_sigmund, uniq_blork_the_orc
D:6:      kiku_gazebo_pond_becter, kennysheep_little_box, hangedman_decor_points
D:7:      kennysheep_big_flooded_room
D:8:      nicolae_overflow_hidden_temple, serial_shops, shop,
          nicolae_shop_stone, enter_bailey_2, the_bakery, uniq_psyche,
          uniq_maurice, uniq_pikel, uniq_grum
D:9:      cheibrodos_two_vegetables, lemuel_zombie_altar_yredelemnul,
          lair_entry_dummy
D:10:     david_orc_3, xom_teletrap_fun
D:12:     hex_medium, uniq_kirke
D:13:     lemuel_ice_spiral_2, kennysheep_generic_room_9
D:14:     erik_vaults_1, hangedman_decor_clover_reticule, enter_trove_3,
          hangedman_decor_slide_cut
D:15:     grunt_enter_depths_snipers, nicolae_two_hexagons,
          minmay_misc_feat_columns, grunt_ministairs_8, hive_lemuel
Lair:1:   basic_altar, st_stairs_6
Lair:2:   guppyfry_snake_entry_island, basic_altar, uniq_urug
Lair:3:   minmay_swamp_entry_worms, serial_bayou_pond_d, serial_bayou_shore_b,
          grunt_megastairs_1, lemuel_fruit_tree, serial_bayou_shore_a
Lair:4:   minmay_stone_trees_medium
Lair:5:   lemuel_slime, lemuel_fruit_fields, uniq_nessos, uniq_rupert
Lair:6:   minmay_lair_end_frog_pond, slime_dummy
Orc:1:    orc_temple
Orc:2:    st_orc_rangers
Sewer:    sewer_co_tree
Bailey:   bailey_polearm_3, bailey

Skill      XL: |  1  2  3  4  5  6  7  8  9 10 11 12 13 14 15 |
---------------+----------------------------------------------+-----
Stealth        | 6 7 8 9 10 14 16 17 | 17.4
Short Blades   | 3 4 6 8 9 10 | 10.0
Dodging        | 6 8 10 11 12 13 | 13.9
Evocations     | 6 9 10 11 12 13 | 13.6
Throwing       | 6 9 |  9.5
Fighting       | 2 4 5 6 7 |  7.4
Spellcasting   | 3 6 9 |  9.6
Hexes          | 2 5 8 |  8.8
Charms         | 3 7 10 11 | 11.1
Air Magic      | 1 3 4 5 |  5.5

Action                   |  1- 3 |  4- 6 |  7- 9 | 10-12 | 13-15 || total
-------------------------+-------+-------+-------+-------+-------++-------
Melee: Dagger            |   103 |   301 |   463 |  1593 |  2588 ||  5048
       Kick              |       |       |    53 |   339 |   738 ||  1130
 Fire: Blowgun           |    16 |    15 |   120 |    39 |   932 ||  1122
 Cast: Repel Missiles    |       |       |       |       |     2 ||     2
       Deflect Missiles  |       |       |       |       |     1 ||     1
Invok: Shadow Step       |       |       |       |     1 |    10 ||    11
Evoke: Wand              |       |       |     5 |    54 |    65 ||   124
       Sack of spiders   |       |       |       |       |     9 ||     9
       Lightning rod     |       |       |       |       |    14 ||    14
       Phial of floods   |       |       |       |       |     1 ||     1
  Use: Scroll            |     2 |     1 |    11 |    12 |    19 ||    45
       Potion            |       |     1 |     3 |     6 |    13 ||    23
 Stab: Sleeping          |    15 |    14 |    29 |    66 |    53 ||   177
       Distracted        |     2 |     1 |     2 |     3 |    21 ||    29
       Paralysed         |       |       |       |    32 |    37 ||    69
       Confused          |       |       |       |     4 |    15 ||    19
       Held in net/web   |       |       |       |       |     6 ||     6
       Invisible         |       |       |       |       |    11 ||    11
  Eat: Bread ration      |       |     1 |       |     3 |     4 ||     8
Armor: Robe              |    20 |    34 |    34 |    94 |   164 ||   346
       Skin              |       |       |       |       |    69 ||    69
Dodge: Dodged            |    84 |   198 |   292 |  1112 |  2108 ||  3794
       Deflected         |       |       |       |       |    12 ||    12
